 Dungeon Crawl Stone Soup version 0.29.1-1-gd02db6906a (webtiles) character file.

Game seed: 13479851314777859910

45 Colgate the Chiller (level 3, -2/24 HPs)
             Began as a Barachi Ice Elementalist on Oct 14, 2022.
             Was a Follower of Dithmenos.
             Slain by an orc
             ... wielding a +0 falchion
              (7 damage)
             ... on level 3 of the Dungeon.
             The game lasted 00:03:22 (777 turns).

Colgate the Chiller (Barachi Ice Elementalist)       Turns: 777, Time: 00:03:23

Health: -2/24      AC:  2    Str:  9    XL:     3   Next: 64%
Magic:  1/6        EV: 12    Int: 17    God:    Dithmenos [*.....]
Gold:   34         SH:  0    Dex: 12    Spells: 2/6 levels left

rFire   . . .      SeeInvis .   b - +0 short sword
rCold   . . .      Faith    .   (no shield)
rNeg    . . .      Spirit   .   c - +0 robe
rPois   .          Reflect  .   (no helmet)
rElec   .          Harm     .   (no cloak)
rCorr   .          Rampage  .   (no gloves)
Will    .....                   (no boots)
Stlth   ++........              (no amulet)
HPRegen 0.08/turn               (no ring)
MPRegen 0.10/turn               (no ring)

@: wreathed by umbra, slow
A: amphibious, slowness 1, strong legs 1, +LOS
a: Hop, Renounce Religion


You were on level 3 of the Dungeon.
You worshipped Dithmenos.
Dithmenos was aware of your devotion.
You visited 1 branch of the dungeon, and saw 3 of its levels.

You collected 34 gold pieces.

Inventory:

Hand Weapons
 a - a +0 whip
 b - a +0 short sword (weapon)
Armour
 c - a +0 robe (worn)
Scrolls
 e - 2 scrolls of identify {unknown}
 f - a scroll of brand weapon {unknown}
 h - a scroll of vulnerability {unknown}
Potions
 d - a potion of curing {unknown}
 g - 2 potions of magic


   Skills:
 - Level 2.1 Dodging
 - Level 1.7 Stealth
 - Level 2.1 Spellcasting
 + Level 6.3 Ice Magic


You had 2 spell levels left.
You knew the following spells:

 Your Spells              Type           Power      Damage    Failure   Level
a - Freeze                Ice            92%        1d10      1%          1
b - Frozen Ramparts       Ice            46%        1d7       4%          3

Your spell library contained the following spells:

 Spells                   Type           Power      Damage    Failure   Level
 Ozocubu's Armour         Ice            23%        N/A       4%          3
 Hailstorm                Conj/Ice       12%        3d5       45%         4


Dungeon Overview and Level Annotations

Branches:
Dungeon (3/15)

Altars:
Dithmenos


Innate Abilities, Weirdness & Mutations

You are amphibious.
You cover ground slowly.
You can hop short distances.
You have an extended range of vision and can be seen from far away.


Message History

You kill the jackal!
Dithmenos accepts your kill.
The wall freezes the endoplasm.
The wall freezes the endoplasm but does no damage.
You hit the endoplasm.
You kill the endoplasm!
Dithmenos accepts your kill.
The wall freezes the orc but does no damage.
An orc comes into view. It is wielding a +0 falchion.
The wall freezes the orc.
The orc barely misses you.
The wall freezes the orc.
You barely miss the orc.
The frozen ramparts melt away.
The orc closely misses you.
Casting: Freeze (safe; 1% risk of failure)
Casting: Frozen Ramparts (quite dangerous; 4% risk of failure) This square is wreathed by an umbra.
The walls around you are covered in ice.
The wall freezes the orc.
The orc barely misses you.
The wall freezes the orc.
The orc hits you with a +0 hand axe.
The wall freezes the orc.
You kill the orc!
Dithmenos accepts your kill.
The wall freezes the orc!
You kill the orc!
Dithmenos accepts your kill.
The wall freezes the orc.
Casting: Frozen Ramparts (quite dangerous; 4% risk of failure)
You don't have enough magic to cast this spell.
You hit the orc but do no damage.
The wall freezes the orc.
The orc closely misses you.
You hit the orc but do no damage.
The frozen ramparts melt away.
The orc hits you with a +0 falchion!
You are too injured to fight recklessly!
You closely miss the orc. The orc hits you with a +0 falchion.
You closely miss the orc. The orc barely misses you.
You barely miss the orc. The orc closely misses you.
You hit the orc. The orc barely misses you.
The orc hits you with a +0 falchion.
* * * LOW HITPOINT WARNING * * *
You closely miss the orc. The orc hits you with a +0 falchion!
You die...

# #.# #####.#
...)..###
##......#
#......########
#...........†.#
#......######.#
#. #......#
#.#####.....
........#
#..@o.......
.....#+##
####).......
...... ......#.
...... ....#...
.... ....# #.
.. ..### ..#
..# .##


You could see an orc.

Vanquished Creatures
  An adder (D:3)
  A dart slug (D:3)
  2 orcs (D:3)
  4 ball pythons
  3 endoplasms
  A giant cockroach (D:2)
  3 goblins (D:1)
  3 hobgoblins
  3 jackals (D:3)
  3 kobolds
  A quokka (D:1)
  3 bats (D:1)
  A rat (D:3)
29 creatures vanquished.

Notes
Turn   | Place    | Note
-------+----------+-------------------------------------------
     0 | D:1      | Colgate the Barachi Ice Elementalist began the quest for
                  | the Orb.
     0 | D:1      | Reached XP level 1. HP: 13/13 MP: 3/3
    22 | D:1      | Reached skill level 5 in Ice Magic
   238 | D:1      | Reached XP level 2. HP: 19/19 MP: 3/5
   322 | D:1      | Found a faded altar of an unknown god.
   331 | D:1      | Prayed at the altar of an unknown god.
   331 | D:1      | Became a worshipper of Dithmenos the Shadowed
   331 | D:1      | Reached * piety under Dithmenos
   564 | D:3      | Reached XP level 3. HP: 15/24 MP: 2/6
   568 | D:3      | Learned a level 3 spell: Frozen Ramparts
   680 | D:3      | Reached skill level 6 in Ice Magic
   777 | D:3      | Slain by an orc

Illustrated notes

Levels and vault maps discovered:
D:1:      lemuel_arrival_river_bridge, layout_basic, serial_shops,
          nicolae_shop_trees, basic_ecumenical_altar
D:2:      minmay_alternating_diamond, layout_loops_ring
D:3:      layout_basic, amethyst_killhole, uniq_crazy_yiuf_cottage

Skill      XL: |  1  2  3 |
---------------+----------+-----
Ice Magic      | 5 6 |  6.3
Dodging        | |  2.1
Stealth        | |  1.7
Spellcasting   | |  2.1

Action                   || total
-------------------------++-------
Melee: Short sword       ||    16
 Cast: Freeze            ||    27
       Frozen Ramparts   ||     4
 Abil: Hop               ||     1
Armor: Robe              ||     5
Dodge: Dodged            ||    39
